 Dungeon Crawl Stone Soup version 0.18.1-8-gdd0e5ea (webtiles) character file.

114 sugabear the Ducker (level 4, -3/23 HPs)
             Began as a Vine Stalker Gladiator on June 3, 2016.
             Killed from afar by an orc wizard (6 damage)
             ... with a puff of flame
             ... on level 3 of the Dungeon.
             The game lasted 00:03:02 (2804 turns).

sugabear the Ducker (Vine Stalker Gladiator)        Turns: 2804, Time: 00:03:03

Health: -3/23      AC:  4    Str: 19    XL:     4   Next: 98%
Magic:  0/5        EV: 13    Int:  8    God:
Gold:   234        SH:  0    Dex: 14    Spells: 0 memorised, 3 levels left

rFire  . . .     SeeInvis .     a - +0 flail
rCold  . . .     Gourm    .     b - +0 leather armour
rNeg   . . .     Faith    .     (no shield)
rPois  .         Spirit   +     c - +0 helmet
rElec  .         Dismiss  .     (no cloak)
rCorr  .         Reflect  .     (no gloves)
SustAt .         Harm     .     (no boots)
MR     .....                    (no amulet)
Stlth  +.........               (no ring)
                                (no ring)

@: not resistant to hostile enchantments, very unstealthy
A: fangs 2, regeneration 1, magic shield, antimagic bite, no device heal 3, rot
immunity
a: no special abilities


You were on level 3 of the Dungeon.
You were not hungry.

You visited 1 branch of the dungeon, and saw 3 of its levels.

You collected 234 gold pieces.

Inventory:

Hand Weapons
 a - a +0 flail (weapon)
Missiles
 d - 3 throwing nets (quivered)
Armour
 b - a +0 leather armour (worn)
 c - a +0 helmet (worn)
Scrolls
 h - 2 scrolls of teleportation {unknown}
 j - 2 scrolls of noise {unknown}
 k - 2 scrolls of remove curse {unknown}
 l - 2 scrolls of fog {unknown}
 m - 4 scrolls of identify {unknown}
 o - 3 scrolls of blinking {unknown}
 r - 2 scrolls of immolation {unknown}
Potions
 e - a potion of degeneration {unknown}
 i - 2 potions of curing
 n - a potion of mutation {unknown}
 q - a potion of heal wounds {unknown}
Comestibles
 f - 4 bread rations
 g - 2 meat rations
 p - 4 fruits
 s - 4 chunks of flesh


   Skills:
 + Level 2.5 Fighting
 + Level 3.2 Maces & Flails
 + Level 1.8 Throwing
 + Level 1.2 Armour
 + Level 3.3 Dodging
 + Level 0.6 Stealth


You had 3 spell levels left.
You didn't know any spells.

Dungeon Overview and Level Annotations

Branches:
Dungeon (3/15)

Altars:
Fedhas
Kikubaaqudgha
Zin


Innate Abilities, Weirdness & Mutations

You have extremely sharp teeth.
Your natural rate of healing is unusually fast.
When hurt, damage is shared between your health and your magic reserves.
Your bite disrupts and absorbs the magic of your enemies.
Potions and wands cannot restore your health.
You are immune to rotting.


Message History

Unknown command.
The orc wizard gestures at you while chanting.
The puff of flame hits you!
An orc comes into view. It is wielding a flail.
An orc wizard comes into view. It is wielding a dagger.
An orc priest comes into view. It is wielding a dagger.
The orc wizard shouts!
The orc priest shouts!
The orc shouts!
You hear a shout!
You barely miss the orc wizard. Your bite misses the orc wizard.
The orc wizard hits you but does no damage.
The orc priest mumbles some strange prayers to Beogh against you.
Beogh smites you!
The orc wizard hits you but does no damage.
The orc wizard casts a spell.
The orc wizard blinks!
The orc priest mumbles some strange prayers to Beogh against you.
Beogh smites you!
* * * LOW HITPOINT WARNING * * *
The orc wizard points at you and mumbles some strange words.
The puff of flame hits you!
You die...

#..#.#####.....##.........#.#
#.†#.### #.###.###..##.####.#####
#......###.# #.# #..##.#.........
#..........###.###..##.#.##.#####
................(.....o.....# #
#.##......)...o.............# #
#.####.#.#.####o.........##.# ###
..#.........###.#...####.##.###.#
..#.##.#.#......@..>.............
..#.##.#)#..###.....###.....#....
..#.##...##.# #.#.#.# #.#...#....
.......####.###...#.# #.#.......#
###.............###.###.....#....
#.##.##.#.##### #..............
#.##.##.#.# ########..#...#
#.##.##.#.# #.............
#.#.......# #######......#


You could see an orc priest and 2 orc wizards.

Vanquished Creatures
  4 adders
  An ooze (D:3)
  3 worms
  2 dart slugs (D:1)
  2 giant geckos
  An orc (D:3)
  6 bats
  A giant cockroach (D:3)
  7 goblins
  6 hobgoblins
  6 jackals
  5 kobolds
  A quokka (D:2)
  A ball python (D:3)
  6 giant newts
  6 rats
58 creatures vanquished.

Notes
Turn   | Place    | Note
--------------------------------------------------------------
     0 | D:1      | sugabear the Vine Stalker Gladiator began the quest for the Orb.
     0 | D:1      | Reached XP level 1. HP: 11/11 MP: 2/2
    99 | D:1      | Reached XP level 2. HP: 15/15 MP: 3/3
   686 | D:1      | Reached XP level 3. HP: 16/18 MP: 2/4
  1004 | D:2      | Found a glowing silver altar of Zin.
  1146 | D:2      | Found an ancient bone altar of Kikubaaqudgha.
  1753 | D:2      | Reached XP level 4. HP: 23/23 MP: 5/5
  1865 | D:2      | Found a blossoming altar of Fedhas.
  2091 | D:3      | Reached skill level 1 in Armour
  2804 | D:3      | Killed from afar by an orc wizard

Skill      XL: |  1  2  3  4 |
---------------+-------------+-----
Fighting       | 2 |  2.5
Maces & Flails | 3 |  3.2
Dodging        | 3 |  3.3
Armour         | 1 |  1.2
Throwing       | |  1.8
Stealth        | |  0.6

Action                   |  1- 3 |  4- 6 || total
-------------------------+-------+-------++-------
Melee: Flail             |    96 |    70 ||   166
       Bite              |    34 |    20 ||    54
  Use: Potion            |     2 |       ||     2
 Stab: Sleeping          |     1 |       ||     1
  Eat: Chunk             |     3 |     3 ||     6
Armor: Leather armour    |    28 |    13 ||    41
Dodge: Dodged            |    79 |    47 ||   126
